Unix NetHack Version 5.0.0-0 post-release - last build May 31 2026 23:59:36 (970b52f25bf058293b47ddfd14a1e40e571c508c,branch:main).

Game began 2026-06-04 04:26:47, ended 2026-06-04 05:28:04.

FalseGod, neutral female human Ranger

                        --------------------------------
                        |.....................)%...%%...
                        |.------|---------.{..------|-.|
                        |.-...|..|....|[)|---.|(.(|..|.|
                        |.|...|.{|....|!.|  |.|(.!|.(|.|
                        |.|--------|--|!.|  +.|...|(]|.|
                       #|.|....-..[...--|----.---|---|.|
                      ##..|....|.--|-.............-..|.|
                      ##|.|.)..|.|..|-|-..{..--|-.|..|.|
                     ###|d|....|.|%%|..|.---||..|.----.|
               ###[### #|d|-----.|(%|..|.|...|..|......|
              ##        |.|...|..|------.|...|---......|
            ####        |a|...|..|..|....|...|.........|
         #####          .)|...-..-..|....|...|.........|
  ------ #   #          |a-----..----....-----.........|
  |.....###             |@p..........................Y..
  |...<|                --------------------------------
  ------

FalseGod the Trailblazer     St:18/01 Dx:9 Co:14 In:13 Wi:13 Ch:8  Neutral
Dlvl:8  $:109 HP:0(52) Pw:22(22) AC:-2 Xp:7 T:3345 

Latest messages:
 The 2nd arrow hits the soldier ant!
 The soldier ant bites!
 The soldier ant stings!
 The soldier ant bites!
 The soldier ant stings!
 The soldier ant misses!
 The soldier ant stings!
 The iron piercer strikes at your displaced image and misses you!
 The soldier ant just misses!
 The soldier ant stings!
 In what direction? k
 You feel more confident in your weapon skills.
 The arrow hits the soldier ant!
 The soldier ant just misses!
 The soldier ant stings!
 Are you sure you want to pray? [yn] (n) y
 You begin praying to Venus.
 You are surrounded by a shimmering light.
 The soldier ant starts to attack you, but pulls back.
 The soldier ant starts to attack you, but pulls back.
 The soldier ant starts to attack you, but pulls back.
 The soldier ant starts to attack you, but pulls back.
 The soldier ant starts to attack you, but pulls back.
 You finish your prayer.
 You feel that Venus is well-pleased.
 Your bow softly glows with a light blue aura.
 In what direction? k
 You shoot 2 arrows.
 The 1st arrow misses the soldier ant.
 The 2nd arrow hits the soldier ant!
 The soldier ant bites!
 The soldier ant misses!
 The soldier ant misses!
 The soldier ant misses!
 What do you want to ready? [- $acHIU-WY or ?*] H
 H - 4 blessed arrows (in quiver).
 In what direction? k
 You kill the soldier ant!
 In what direction? k
 You shoot 2 arrows.
 The 1st arrow hits the soldier ant!
 The 2nd arrow hits the soldier ant!
 The soldier ant bites!
 The soldier ant stings!
 You die...
 Do you want your possessions identified? [ynq] (y) y
 Do you want to see your attributes? [ynq] (y) y
 Do you want an account of creatures vanquished? [ynaq] (y) y
 Do you want to see your conduct and achievements? [ynq] (y) y
 Do you want to see the dungeon overview? [ynq] (y) y

Inventory:
 Coins    ('$')
  $ - 109 gold pieces
 Weapons  (')')
  H - a blessed +3 arrow (in quiver)
  Y - 6 blessed +3 arrows
  V - a blessed +1 arrow
  c - 9 +2 arrows
  U - a +1 arrow
  I - 28 +0 arrows
  b - a blessed +1 bow (weapon in right hand)
  a - a +1 dagger (alternate weapon; not wielded)
  W - a +0 aklys
 Armor    ('[')
  Q - an uncursed +0 dwarvish iron helm (being worn)
  M - an uncursed +0 pair of gauntlets of dexterity (being worn)
  e - an uncursed +2 cloak of displacement (being worn)
  d - an uncursed +0 mummy wrapping
  P - an uncursed +0 dwarvish mithril-coat (being worn)
 Comestibles  ('%')
  f - 6 uncursed cram rations
  h - 2 uncursed food rations
 Scrolls  ('?')
  x - 3 uncursed scrolls of confuse monster
  z - a cursed scroll of enchant weapon
 Potions  ('!')
  g - an uncursed potion of confusion
  q - an uncursed potion of extra healing
  K - an uncursed potion of gain energy
  C - 2 blessed potions of healing
  m - an uncursed potion of healing
  O - an uncursed potion of see invisible
 Tools    ('(')
  L - a magic marker (0:70)
  Z - an uncursed mirror
  p - a +0 pick-axe
  o - an uncursed skeleton key
  T - 2 uncursed tallow candles

FalseGod the Ranger's attributes:

Background:
 You were a Trailblazer, a level 7 female human Ranger.
 You were neutral, on a mission for Venus
 who was opposed by Mercury (lawful) and Mars (chaotic).
 You were right-handed.
 You were in the Gnomish Mines, on level 8.
 You entered the dungeon 3345 turns ago.
 It was nighttime.
 You had 1099 experience points, 181 more were needed to attain level 8.

Basics:
 You had 0 out of 52 hit points.
 You had all 22 energy points (spell power).
 Your armor class was -2.
 Your wallet contained 109 zorkmids.
 Autopickup was off.

Final Characteristics:
 Your strength was 18/01 (limit:18/100).
 Your dexterity was 9 (limit:18).
 Your constitution was 14 (limit:18).
 Your intelligence was 13 (limit:18).
 Your wisdom was 13 (limit:18).
 Your charisma was 8 (limit:18).

Final Status:
 You weren't hungry.
 You were unencumbered.
 You were wielding a bow.
 You were skilled in bow and could have enhanced that.

Final Attributes:
 You were piously aligned.
 You were telepathic.
 You had automatic searching.
 You were displaced.
 You were stealthy.
 You were guarded.
 You are dead.

Miscellaneous:
 You didn't encounter any bones levels.
 Total elapsed playing time was 1 hour, 1 minute and 16 seconds.

Major events:
 Turn
    1: FalseGod the neutral female human Ranger entered the dungeon
 1120: entered the Gnomish Mines
 1149: attained the rank of Lookout (level 3)
 2132: attained the rank of Trailblazer (level 6)
 2357: reached Mine Town
 3345: killed by a soldier ant

You didn't know any spells.

Skills:
 Fighting Skills
   bare handed combat [Unskilled]
   riding             [Unskilled]
 Weapon Skills
   dagger             [Basic]
   knife              [Unskilled]
   axe                [Unskilled]
   pick-axe           [Unskilled]
   short sword        [Unskilled]
   morning star       [Unskilled]
   flail              [Unskilled]
   hammer             [Unskilled]
   quarterstaff       [Unskilled]
   polearms           [Unskilled]
   spear              [Unskilled]
   trident            [Unskilled]
   bow                [Skilled]
   sling              [Unskilled]
   crossbow           [Unskilled]
   dart               [Unskilled]
   shuriken           [Unskilled]
   boomerang          [Unskilled]
   whip               [Unskilled]
 Spellcasting Skills
   healing spells     [Unskilled]
   divination spells  [Unskilled]
   escape spells      [Unskilled]

Voluntary challenges:
 Character rerolling was not enabled.
 You were illiterate.
 You never genocided any monsters.
 You never polymorphed an object.
 You never changed form.
 You used no wishes.
Achievements:
 You entered the Gnomish Mines.
 You attained the rank of Lookout.
 You attained the rank of Trailblazer.
 You entered Minetown.
 You entered a shop.
 You entered a temple.

 The Dungeons of Doom: levels 1 to 4
    Level 1:
    Level 2:
       A fountain.
    Level 3: "vault"
       Many fountains.
    Level 4:
       Many fountains.
       Stairs down to The Gnomish Mines.
 The Gnomish Mines: levels 5 to 8
    Level 5:
    Level 6:
    Level 7:
    Level 8: <- You were here.
       Many shops, a temple and an altar, some fountains, a sink.
       Final resting place for
          you, killed by a soldier ant.


Vanquished creatures:
  a large mimic
  3 small mimics
  a giant beetle
 an ice vortex
  a vampire bat
  a gnome ruler
 an orc mummy
  2 human zombies
  a soldier ant
  a mountain nymph
  a yellow light
  7 gnome leaders
  3 gnomish wizards
  a gray ooze
  2 giant ants
  a little dog
  a floating eye
  7 dwarves
  4 monkeys
  4 manes
  2 hobgoblins
  a giant rat
  a brown mold
 31 gnomes
  3 gnome zombies
  2 geckos
  3 jackals
  2 goblins
  a grid bug
  2 lichens
  5 newts
97 creatures vanquished.

No species were genocided or became extinct.

Game over:
                       ----------
                      /          \
                     /    REST    \
                    /      IN      \
                   /     PEACE      \
                  /                  \
                  |     FalseGod     |
                  |      109 Au      |
                  |   killed by a    |
                  |   soldier ant    |
                  |                  |
                  |                  |
                  |       2026       |
                 *|     *  *  *      | *
        _________)/\\_//(\/(/\)/\//\/|_)_______

Goodbye FalseGod the Ranger...

You died in The Gnomish Mines on dungeon level 8 with 4855 points,
and 109 pieces of gold, after 3345 moves.
You were level 7 with a maximum of 52 hit points when you died.

